 Dungeon Crawl Stone Soup version 0.22.0-38-g04b72b8c25 (webtiles) character file.

1194 sunhra the Shield-Bearer (level 8, -6/64 HPs)
             Began as a Formicid Fighter on Aug 26, 2018.
             Was an Initiate of Makhleb.
             Mangled by an ogre
             ... wielding a +0 giant spiked club
              (13 damage)
             ... on level 7 of the Dungeon.
             The game lasted 00:16:51 (5711 turns).

sunhra the Shield-Bearer (Formicid Fighter)         Turns: 5711, Time: 00:16:52

Health: -6/64      AC: 11    Str: 23    XL:     8   Next: 71%
Magic:  8/8        EV:  9    Int:  8    God:    Makhleb [......]
Gold:   338        SH: 11    Dex: 10    Spells: 7/7 levels left

rFire    . . .     SeeInvis +   a - +0 war axe
rCold    + . .     Gourm    +   c - +0 shield
rNeg     . . .     Faith    .   z - +1 scale mail {rC+}
rPois    .         Spirit   .   (helmet unavailable)
rElec    .         Reflect  .   (no cloak)
rCorr    .         Harm     .   (no gloves)
MR       .....                  y - +2 pair of boots
Stlth    ..........             t - amulet of the gourmand
HPRegen  0.20/turn              u - ring of wizardry
MPRegen  0.11/turn              (no ring)

@: lethally poisoned (-6 -> -15)
A: permanent stasis, dig shafts and tunnels, four strong arms, antennae 3
a: Dig, Shaft Self, Renounce Religion


You were on level 7 of the Dungeon.
You worshipped Makhleb.
Makhleb was noncommittal.
You were completely stuffed.

You visited 2 branches of the dungeon, and saw 8 of its levels.

You collected 338 gold pieces.

Inventory:

Hand Weapons
 a - a +0 war axe (weapon)
Armour
 c - a +0 shield (worn)
 y - a +2 pair of boots (worn)
 z - a +1 scale mail of cold resistance (worn)
Jewellery
 t - an amulet of the gourmand (around neck)
 u - a ring of wizardry (left hand)
 x - an uncursed ring of magical power {unknown}
Wands
 A - a wand of flame (23)
Scrolls
 e - 5 scrolls of teleportation {unknown}
 j - 7 scrolls of identify {unknown}
 p - a scroll of enchant armour {unknown}
 q - 3 scrolls of immolation {unknown}
 r - a scroll of fear {unknown}
 v - a scroll of amnesia {unknown}
 w - 2 scrolls of remove curse {unknown}
Potions
 b - a potion of ambrosia {unknown}
 d - 2 potions of might
 g - a potion of magic {unknown}
 h - a potion of heal wounds {unknown}
 i - 3 potions of lignification {unknown}
 k - 2 potions of curing
 l - a potion of mutation {unknown}
 m - 2 potions of haste {unknown}
 n - a potion of resistance {unknown}
 o - a potion of flight {unknown}
 s - a potion of brilliance {unknown}
Comestibles
 f - 11 rations


   Skills:
 + Level 6.2 Fighting
 + Level 5.2 Axes
 + Level 6.2 Armour
 + Level 6.9 Shields


You had 7 spell levels left.
You didn't know any spells.
Your spell library contained the following spells:

 Spells                   Type           Power        Failure   Level  Hunger
 Animate Skeleton         Necr           N/A          52%         1    ##.....
 Apportation              Tloc           #.....       52%         1    ##.....
 Confusing Touch          Hex            #.....       52%         1    ##.....
 Summon Small Mammal      Summ           #...         52%         1    ##.....


Dungeon Overview and Level Annotations

Branches:
Dungeon (7/15)             Temple (1/1) D:6

Altars:
Ashenzari
Cheibriados
Dithmenos
Elyvilon
Fedhas
Gozag
Hepliaklqana
Kikubaaqudgha
Makhleb
Nemelex Xobeh
Qazlal
Ru
Sif Muna
Trog
Uskayaw
Vehumet
Wu Jian
Xom
Yredelemnul
Zin
The Shining One
Beogh

Annotations:
D:4 3 runed doors, frocskos's ghost, novice DsGl


Innate Abilities, Weirdness & Mutations

You cannot be hasted, slowed, berserked, paralysed or teleported.
You can dig through walls and to a lower floor.
Your four strong arms can wield two-handed weapons with a shield.
You have a pair of large antennae on your head. (SInv)


Message History

You barely miss the ogre.
The ogre is moderately wounded.
You miss the killer bee.
You feel sick. You block the killer bee's attack.
The killer bee closely misses you.
The ogre hits you with a giant spiked club!
* * * LOW HITPOINT WARNING * * *
You barely miss the ogre.
The ogre is moderately wounded.
You completely miss the killer bee.
* * * LOW HITPOINT WARNING * * *
You feel sick. You block the killer bee's attack.
The killer bee stings you but does no damage. x2
Unknown command.
You hit the ogre.
The ogre is heavily wounded.
You miss the killer bee.
* * * LOW HITPOINT WARNING * * *
You feel sick. You block the killer bee's attack.
The ogre hits you with a giant spiked club!
You die...

{ ### #####..
....(..########## {
.........#......
.........#.....
#...y@##....# #####
#########O##....####...##
...$..:.yyy.............#
........................#
..y.....................#
.##..##..##..##.##.##...##
#.{ #..##..##+##'##...## .
#......#............
#......#............


You could see an ogre and 4 killer bees.

Vanquished Creatures
  A phantom (D:6)
  2 centaurs (D:6)
  A water moccasin zombie (D:5)
  A scorpion (D:4)
  A howler monkey (D:4)
  3 crimson imps
  A jelly (D:7)
  2 centaur skeletons
  3 hounds
  An orc wizard (D:4)
  3 iguanas
  7 worker ants
  A hound skeleton (D:4)
  2 worker ant zombies
  3 gnolls (D:3)
  8 adders
  2 oozes
  An adder zombie (D:5)
  2 dart slugs (D:1)
  2 leopard geckos (D:1)
  7 orcs
  10 bats
  5 giant cockroaches
  6 goblins
  7 hobgoblins
  10 jackals
  4 quokkas
  2 ball pythons
  3 frilled lizards
  2 giant cockroach zombies
  8 kobolds
  9 rats
120 creatures vanquished.

Notes
Turn   | Place    | Note
-------+----------+-------------------------------------------
     0 | D:1      | sunhra the Formicid Fighter began the quest for the Orb.
     0 | D:1      | Reached XP level 1. HP: 18/18 MP: 1/1
    98 | D:1      | Reached XP level 2. HP: 19/24 MP: 2/2
   282 | D:1      | Reached XP level 3. HP: 24/29 MP: 3/3
  1013 | D:1      | Reached XP level 4. HP: 33/37 MP: 4/4
  1831 | D:3      | Reached XP level 5. HP: 42/42 MP: 5/5
  1837 | D:3      | Found an ancient bone altar of Kikubaaqudgha.
  1838 | D:3      | Found a hazy altar of Hepliaklqana.
  2074 | D:3      | Found a stormy altar of Qazlal.
  2077 | D:3      | Found a deep blue altar of Sif Muna.
  2079 | D:3      | Found a white marble altar of Elyvilon.
  2628 | D:4      | Reached XP level 6. HP: 49/49 MP: 6/6
  2640 | D:4      | Reached skill level 5 in Shields
  2675 | D:4      | Reached XP level 7. HP: 14/55 MP: 7/7
  3035 | D:4      | Reached skill level 5 in Fighting
  3098 | D:4      | Reached skill level 5 in Armour
  3412 | D:4      | Found a runed gate.
  3412 | D:4      | Noticed frocskos's ghost (novice DsGl)
  3413 | D:4      | Found a runed gate.
  3414 | D:4      | Found a runed gate.
  3415 | D:4      | Found a roughly hewn altar of Beogh.
  3540 | D:5      | Entered Level 5 of the Dungeon
  3768 | D:5      | Reached XP level 8. HP: 52/63 MP: 8/8
  4971 | D:6      | Found a staircase to the Ecumenical Temple.
  4983 | Temple   | Entered the Ecumenical Temple
  5096 | Temple   | Became a worshipper of Makhleb the Destroyer
  5116 | D:6      | Reached skill level 5 in Axes
  5711 | D:7      | Mangled by an ogre

Skill      XL: |  1  2  3  4  5  6  7  8 |
---------------+-------------------------+-----
Shields        | 4 5 6 |  6.9
Fighting       | 4 5 6 |  6.2
Armour         | 4 5 6 |  6.2
Axes           | 3 4 5 |  5.2

Action                   |  1- 3 |  4- 6 |  7- 9 || total
-------------------------+-------+-------+-------++-------
Melee: War axe           |    96 |   174 |   226 ||   496
 Abil: Dig               |     6 |     6 |     3 ||    15
  Use: Potion            |       |     1 |     2 ||     3
  Eat: Chunk             |       |     7 |    19 ||    26
Armor: Scale mail        |    38 |    78 |    82 ||   198
Dodge: Dodged            |    35 |    61 |    74 ||   170
Block: Shield            |    65 |   108 |   133 ||   306
